[Event "*** SCC Grand Prix: Titled Tuesday Blitz"]
[Site "Chess.com"]
[Date "2020.07.07"]
[Round "9"]
[White "GracefulYear"]
[Black "allvim"]
[Result "1/2-1/2"]
[WhiteElo "2432"]
[BlackElo "2292"]
[TimeControl "180+1"]
[EndTime "11:41:19 PDT"]
[Termination "Game drawn by agreement"]

1. d4 Nf6 2. c4 g6 3. Nf3 Bg7 4. g3 O-O 5. Bg2 d5 6. cxd5 Nxd5 7. O-O Nc6 8. Nc3 Nxc3 9. bxc3 e5 10. Bb2 exd4 11.
cxd4 Bg4 12. Qb3 Bxf3 13. Bxf3 Nxd4 14. Bxd4 Qxd4 15. Rad1 Qb6 1/2-1/2

[Event "*** SCC Grand Prix: Titled Tuesday Blitz"]
[Site "Chess.com"]
[Date "2020.07.07"]
[Round "9"]
[White "Sam_ChessMood"]
[Black "GM_LOADING"]
[Result "1-0"]
[WhiteElo "2834"]
[BlackElo "2571"]
[TimeControl "180+1"]
[EndTime "11:41:21 PDT"]
[Termination "Sam_ChessMood won by resignation"]

1. e4 e5 2. Nf3 Nc6 3. Bb5 g6 4. c3 a6 5. Bc4 Bg7 6. d4 exd4 7. cxd4 b5 8. Be2 d6 9. d5 Nce7 10. a4 b4 11. O-O Nf6 12. Nbd2 O-O 13. h3 c6 14.
dxc6 Nxc6 15. Nc4 Nxe4 16. Qd5 1-0

[Event "*** SCC Grand Prix: Titled Tuesday Blitz"]
[Site "Chess.com"]
[Date "2020.07.07"]
[Round "9"]
[White "VincentKeymer"]
[Black "Grischuk"]
[Result "0-1"]
[WhiteElo "2892"]
[BlackElo "3065"]
[TimeControl "180+1"]
[EndTime "11:41:29 PDT"]
[Termination "Grischuk won by resignation"]

1. Nf3 Nf6 2. c4 c6 3. Nc3 d5 4. e3 e6 5. b3 Bd6 6. Bb2 O-O 7. h3 Re8 8. Qc2 e5 9. cxd5 cxd5 10.
Nb5 Nc6 11. Nxd6 Qxd6 12. Bb5 Bd7 13. O-O Nb4 0-1

[Event "*** SCC Grand Prix: Titled Tuesday Blitz"]
[Site "Chess.com"]
[Date "2020.07.07"]
[Round "9"]
[White "zaur-mammadov"]
[Black "MergenKakabaev"]
[Result "1-0"]
[WhiteElo "2611"]
[BlackElo "2447"]
[TimeControl "180+1"]
[EndTime "11:41:35 PDT"]
[Termination "zaur-mammadov won by resignation"]

1. e4 e5 2. Nf3 Nc6 3. Nc3 Nf6 4. Be2 Bc5 5. Nxe5 Nxe5 6. d4 Bd6 7. dxe5 Bxe5 8.
Nb5 a6 9. f4 Bxf4 10. Bxf4 axb5 11. e5 Ng8 12. O-O Ne7 13. Bxb5 O-O 14. Bd3 Ng6 15. Bg3 Qg5 16. Rf5 Qe3+ 17. Bf2 Qh6 18. g3 d6 19. Rh5 1-0

[Event "*** SCC Grand Prix: Titled Tuesday Blitz"]
[Site "Chess.com"]
[Date "2020.07.07"]
[Round "9"]
[White "ambaixador"]
[Black "MestreSoares"]
[Result "1-0"]
[WhiteElo "2326"]
[BlackElo "2130"]
[TimeControl "180+1"]
[EndTime "11:41:49 PDT"]
[Termination "ambaixador won by resignation"]

1. Nf3 Nf6 2. c4 g6 3. g3 Bg7 4. Bg2 O-O 5. O-O c5 6. d4 cxd4 7. Nxd4 Nc6 8. Nc3 a6 9. Nc2 d6 10. Qd2 Rb8 11. b3 Bd7 12. Bb2 b5 13. Ne3 b4 14.
Ncd5 Nxd5 15. Nxd5 Bxb2 16. Qxb2 a5 17. Rad1 Rc8 18. h4 Be6 19. Nf4 Qd7 20. h5 Ne5 21. h6 f6 22. Nxe6 1-0

[Event "*** SCC Grand Prix: Titled Tuesday Blitz"]
[Site "Chess.com"]
[Date "2020.07.07"]
[Round "9"]
[White "IngOscarArdila"]
[Black "dianamirza"]
[Result "1-0"]
[WhiteElo "2173"]
[BlackElo "1973"]
[TimeControl "180+1"]
[EndTime "11:42:01 PDT"]
[Termination "IngOscarArdila won by resignation"]

1. d4 Nf6 2. c4 g6 3. Nc3 Bg7 4.
e4 d6 5. Nf3 O-O 6. Be2 Nc6 7.
O-O e5 8. d5 Ne7 9. Bg5 h6 10.
Bxf6 Bxf6 11. b4 Bg7 12. c5 f5 13. Nd2 f4 14. Bg4 g5 15. cxd6 Qxd6 16. Bxc8 Raxc8 17. Qb3 a6 18. Nc4 Qg6 19. f3 g4 20. Kh1 g3 21. h3 c5 22. dxc6 Nxc6 23. Nxe5+ Qf7 24.
Nxf7 Rxf7 1-0

[Event "*** SCC Grand Prix: Titled Tuesday Blitz"]
[Site "Chess.com"]
[Date "2020.07.07"]
[Round "9"]
[White "HarryCun"]
[Black "EnergeticHay"]
[Result "0-1"]
[WhiteElo "2170"]
[BlackElo "2250"]
[TimeControl "180+1"]
[EndTime "11:42:19 PDT"]
[Termination "EnergeticHay won by resignation"]

1. Nf3 Nf6 2. g3 g6 3. Bg2 Bg7 4. O-O O-O 5. d3 d6 6. Nbd2 c5 7. e4 Nc6 8. h3 e5 9. g4 d5 10. Re1 h6 11. exd5 Nxd5 12. Ne4 Qe7 13. g5 hxg5 14.
Bxg5 f6 15. Bd2 Be6 16. Nh4 Kh7 17. Ng3 f5 18. Nf3 Bf6 19. Bc3 Bf7 20. Nxe5 Nxe5 21. Bxe5 Bxe5 22. Bxd5 Bxd5 23. f4 Bd4+ 24. Kh2 Qh4 25. c3 Bf2 26. Rg1 Bxg1+ 27. Qxg1 Rae8 28. Rf1 Re3 29. d4 cxd4 30. cxd4 Rfe8 31. Rc1 Re2+ 32. Nxe2 Rxe2+ 0-1

[Event "*** SCC Grand Prix: Titled Tuesday Blitz"]
[Site "Chess.com"]
[Date "2020.07.07"]
[Round "9"]
[White "malandragem"]
[Black "Thipsay"]
[Result "0-1"]
[WhiteElo "2387"]
[BlackElo "2523"]
[TimeControl "180+1"]
[EndTime "11:42:20 PDT"]
[Termination "Thipsay won by checkmate"]

1. a3 e5 2. e4 Nc6 3. Nc3 Nf6 4. Bc4 Nxe4 5. Nxe4 d5 6. Bd3 dxe4 7. Bxe4 Bd6 8. d3 O-O 9. Qh5 f5 10. Bd5+ Kh8 11. Bg5 Qe8 12. Qh4 Nd4 13. O-O-O Qa4 14. Rd2 Bxa3 15. bxa3 Qxa3+ 16. Kb1 Qb4+ 17. Bb3 Be6 18. Ne2 Bxb3 19.
Nxd4 Bxc2+ 20. Kc1 Qb1# 0-1

[Event "*** SCC Grand Prix: Titled Tuesday Blitz"]
[Site "Chess.com"]
[Date "2020.07.07"]
[Round "9"]
[White "Safar_From_Afar"]
[Black "Synctel"]
[Result "1-0"]
[WhiteElo "2154"]
[BlackElo "1928"]
[TimeControl "180+1"]
[EndTime "11:42:28 PDT"]
[Termination "Safar_From_Afar won by resignation"]

1. e4 e6 2. d4 d5 3. Nd2 Nc6 4. Ngf3 Nf6 5. e5 Nd7 6. Bd3 f6 7. exf6 Qxf6 8. c3 Bd6 9. O-O O-O 10. Nb3 e5 11. Bg5 Qf7 12. dxe5 Ndxe5 13. Nxe5 Nxe5 14.
Bc2 c6 15. f4 Bc5+ 16. Nxc5 1-0

[Event "*** SCC Grand Prix: Titled Tuesday Blitz"]
[Site "Chess.com"]
[Date "2020.07.07"]
[Round "9"]
[White "CroissantNeuf"]
[Black "YellowJacek"]
[Result "1-0"]
[WhiteElo "2406"]
[BlackElo "2254"]
[TimeControl "180+1"]
[EndTime "11:42:31 PDT"]
[Termination "CroissantNeuf won by checkmate"]

1. e4 c5 2. Nf3 Nc6 3. Bb5 g6 4. Bxc6 dxc6 5. d3 Bg7 6. h3 Nf6 7. Nc3 O-O 8. Be3 b6 9. Qd2 Ne8 10. Bh6 Nc7 11. h4 Ne6 12. h5 Nd4 13. Bxg7 Kxg7 14.
hxg6 Nxf3+ 15. gxf3 hxg6 16. Qh6+ Kf6 17. Rh5 Qd4 18.
Qxf8 gxh5 19. Qh6+ Ke5 20. f4# 1-0

[Event "*** SCC Grand Prix: Titled Tuesday Blitz"]
[Site "Chess.com"]
[Date "2020.07.07"]
[Round "9"]
[White "OK97"]
[Black "iaraldinho"]
[Result "1/2-1/2"]
[WhiteElo "2767"]
[BlackElo "2582"]
[TimeControl "180+1"]
[EndTime "11:42:40 PDT"]
[Termination "Game drawn by repetition"]

1. d4 f5 2. Bf4 Nf6 3. e3 g6 4. h4 Bg7 5. h5 Nxh5 6. Rxh5 gxh5 7. Qxh5+ Kf8 8. Qxf5+ Kg8 9. Nc3 c6 10. Nf3 d5 11. Qh5 Nd7 12. Ng5 Qf8 13. Ne6 Nf6 14. Qe5 Bxe6 15. Qxe6+ Qf7 16. Qh3 Qh5 17. Qe6+ Qf7 18.
Qh3 Qh5 19. Qe6+ Qf7 1/2-1/2

[Event "*** SCC Grand Prix: Titled Tuesday Blitz"]
[Site "Chess.com"]
[Date "2020.07.07"]
[Round "9"]
[White "Chuchofrio1"]
[Black "grandcoach"]
[Result "1-0"]
[WhiteElo "2235"]
[BlackElo "2109"]
[TimeControl "180+1"]
[EndTime "11:42:41 PDT"]
[Termination "Chuchofrio1 won by resignation"]

1. e4 c5 2. Nc3 Nc6 3. Bb5 g6 4. Bxc6 bxc6 5. f4 Bg7 6. Nf3 d6 7. d3 f5 8. O-O Nf6 9. Qe1 O-O 10. e5 Nd5 11. exd6 exd6 12. Bd2 Re8 13. Qg3 Ne3 14. Bxe3 Rxe3 15. Rfe1 Qe7 16. Rxe3 Qxe3+ 17. Kh1 Rb8 18. Re1 Qxe1+ 19. Qxe1 Rxb2 20. Qe8+ Bf8 21. Ng5 Rb7 22. Qxc8 Re7 23. Ne6 1-0

[Event "*** SCC Grand Prix: Titled Tuesday Blitz"]
[Site "Chess.com"]
[Date "2020.07.07"]
[Round "9"]
[White "DenisQ"]
[Black "sergiochess83"]
[Result "0-1"]
[WhiteElo "2660"]
[BlackElo "2834"]
[TimeControl "180+1"]
[EndTime "11:42:53 PDT"]
[Termination "sergiochess83 won by resignation"]

1. Nf3 d5 2. c4 d4 3. g3 Nc6 4.
Bg2 e5 5. O-O Nf6 6. d3 a5 7. e3 Bc5 8. exd4 Bxd4 9. Re1 O-O 10.
Nxd4 Nxd4 11. Rxe5 Bg4 12. f3 Nxf3+ 13. Bxf3 Qd4+ 14.
Re3 Rae8 15. Kg2 Rxe3 16. Bxe3 Bxf3+ 17. Qxf3 Qxb2+ 18. Qf2 Qxa1 0-1

[Event "*** SCC Grand Prix: Titled Tuesday Blitz"]
[Site "Chess.com"]
[Date "2020.07.07"]
[Round "9"]
[White "RestartingChess"]
[Black "QuintilianoR"]
[Result "0-1"]
[WhiteElo "2493"]
[BlackElo "2649"]
[TimeControl "180+1"]
[EndTime "11:42:55 PDT"]
[Termination "QuintilianoR won by resignation"]

1. e4 c5 2. Nf3 d6 3. Bb5+ Nd7 4.
c4 Nf6 5. Nc3 g6 6. d3 Bg7 7. h3 O-O 8. Be3 Nb6 9. Qd2 a6 10.
Ba4 Nxa4 11. Nxa4 b5 12. Nc3 bxc4 13. dxc4 Be6 14. b3 Nxe4 15. Nxe4 Bxa1 16. O-O Bg7 17. Bh6 a5 18. Bxg7 Kxg7 19. Re1 a4 20. Qc3+ Kg8 21. Nfg5 Bf5 22. Qg3 axb3 23. Qh4 h5 24. Ng3 e6 25. axb3 Qf6 26. f4 Rfb8 27. Re3 Qd4 28. Nxf5 exf5 0-1

[Event "*** SCC Grand Prix: Titled Tuesday Blitz"]
[Site "Chess.com"]
[Date "2020.07.07"]
[Round "9"]
[White "ferdipy"]
[Black "ChessicallyInclined"]
[Result "0-1"]
[WhiteElo "2373"]
[BlackElo "2497"]
[TimeControl "180+1"]
[EndTime "11:43:00 PDT"]
[Termination "ChessicallyInclined won by resignation"]

1. e4 c5 2. d4 cxd4 3. c3 Nf6 4. e5 Nd5 5. cxd4 d6 6. Nf3 Nc6 7. h3 e6 8. a3 Qc7 9. Bd3 dxe5 10. dxe5 Nxe5 11.
Bb5+ Bd7 12. Bxd7+ Nxd7 13. O-O Be7 14. Re1 O-O 15.
Bd2 Bf6 16. Ra2 Rac8 17. b4 Qc4 18. Nc3 Nxc3 19. Bxc3 Qxa2 20. Qxd7 0-1

[Event "*** SCC Grand Prix: Titled Tuesday Blitz"]
[Site "Chess.com"]
[Date "2020.07.07"]
[Round "9"]
[White "malakismayil"]
[Black "plumalka"]
[Result "0-1"]
[WhiteElo "2153"]
[BlackElo "2403"]
[TimeControl "180+1"]
[EndTime "11:43:09 PDT"]
[Termination "plumalka won by resignation"]

1. e4 c5 2. Nf3 d6 3. d4 cxd4 4. Nxd4 Nf6 5. Nc3 Bd7 6. Bc4 Nc6 7. Nxc6 Bxc6 8. Qe2 g6 9. O-O Bg7 10. Bg5 O-O 11.
f4 Qb6+ 12. Kh1 Qxb2 13. Qd3 Ng4 14. Nd5 Qxa1 15. Nxe7+ Kh8 16. Rxa1 Nf2+ 17. Kg1 Nxd3 18. Rd1 Nc5 19. Nxc6 bxc6 20. Rxd6 Nxe4 21. Rxc6 Nxg5 22.
fxg5 Rfc8 23. Rxc8+ Rxc8 24. Bxf7 Rxc2 0-1

[Event "*** SCC Grand Prix: Titled Tuesday Blitz"]
[Site "Chess.com"]
[Date "2020.07.07"]
[Round "9"]
[White "Quiet_Desperation"]
[Black "ega2006"]
[Result "0-1"]
[WhiteElo "2221"]
[BlackElo "2358"]
[TimeControl "180+1"]
[EndTime "11:43:09 PDT"]
[Termination "ega2006 won by resignation"]

1. d4 Nf6 2. Nf3 c5 3. Nc3 cxd4 4. Nxd4 Nc6 5. e4 g6 6. Be3 Bg7 7. Bc4 O-O 8. f3 Qb6 9. Bb3 Nxe4 10. Nd5 Qc5 11. c3 Nxd4 12. cxd4 Qa5+ 13. Kf1 Nf6 14. Nxe7+ Kh8 15. Kg1 Re8 16. Nxc8 Raxc8 17. Qd2 Qb6 18. Kf2 Ng4+ 19. fxg4 Rxe3 20. Kxe3 Bh6+ 0-1

[Event "*** SCC Grand Prix: Titled Tuesday Blitz"]
[Site "Chess.com"]
[Date "2020.07.07"]
[Round "9"]
[White "imdarealist"]
[Black "EfM13"]
[Result "0-1"]
[WhiteElo "2327"]
[BlackElo "2218"]
[TimeControl "180+1"]
[EndTime "11:43:17 PDT"]
[Termination "EfM13 won by resignation"]

1. d4 d6 2. e4 g6 3. Nf3 Bg7 4. c3 Nf6 5. Bd3 O-O 6. Bg5 h6 7. Bh4 Nbd7 8. O-O c5 9. Nbd2 cxd4 10. Nxd4 Nc5 11. Bc2 b6 12. Re1 e5 13. N4f3 Bb7 14. b4 Ne6 15. Nc4 Qc7 16. Nxd6 Rad8 17. Nb5 Rxd1 18. Nxc7 Rxe1+ 19. Rxe1 Nxc7 20. Nxe5 Re8 21. Nc4 Nxe4 22. f3 Nxc3 23. Rc1 Ne2+ 0-1

[Event "*** SCC Grand Prix: Titled Tuesday Blitz"]
[Site "Chess.com"]
[Date "2020.07.07"]
[Round "9"]
[White "Omk124"]
[Black "MoreChessJulia"]
[Result "1-0"]
[WhiteElo "2379"]
[BlackElo "1861"]
[TimeControl "180+1"]
[EndTime "11:43:18 PDT"]
[Termination "Omk124 won by resignation"]

1. e4 g6 2. d4 Bg7 3. Nf3 c5 4. dxc5 Qa5+ 5. c3 Qxc5 6. Be3 Qc7 7. Nbd2 a6 8. Bd3 b5 9. O-O d6 10. a4 bxa4 11. Qxa4+ Nd7 12. Bd4 Nf6 13. Rfe1 O-O 14. e5 dxe5 15. Nxe5 Nc5 16. Qc2 Nxd3 17. Qxd3 Bf5 18.
Qg3 Rfb8 19. Nxg6 Qxg3 20. Nxe7+ Kf8 21. hxg3 Be6 22. Bc5 Rxb2 23. Nf5+ Kg8 24. Nxg7 Kxg7 25. Nf3 Rc8 26. Bd4 Bc4 27. Ra3 Bb5 28. c4 Rxc4 29.
Bxb2 1-0

[Event "*** SCC Grand Prix: Titled Tuesday Blitz"]
[Site "Chess.com"]
[Date "2020.07.07"]
[Round "9"]
[White "Savva09022009"]
[Black "saraswathii"]
[Result "1-0"]
[WhiteElo "2464"]
[BlackElo "2351"]
[TimeControl "180+1"]
[EndTime "11:43:23 PDT"]
[Termination "Savva09022009 won by resignation"]

1. d4 Nf6 2. Nc3 d5 3. Bf4 Bf5 4. e3 c6 5. f3 e6 6. g4 Bg6 7.
h4 h6 8. Bd3 Bxd3 9. Qxd3 Bd6 10. Nge2 Na6 11. O-O-O Bxf4 12. Nxf4 Qa5 13. Kb1 O-O-O 14.
g5 Nd7 15. g6 e5 16. dxe5 fxg6 17. Nxg6 Rhe8 18. Qf5 Kb8 19. e6 Ndc5 20. e7 Rd6 21.
Qf7 Nc7 22. Qxg7 Qb6 23. e4 d4 24. Rxd4 N7e6 25. Qe5 1-0

[Event "*** SCC Grand Prix: Titled Tuesday Blitz"]
[Site "Chess.com"]
[Date "2020.07.07"]
[Round "9"]
[White "random_mango"]
[Black "maciek_92"]
[Result "0-1"]
[WhiteElo "2416"]
[BlackElo "2683"]
[TimeControl "180+1"]
[EndTime "11:43:24 PDT"]
[Termination "maciek_92 won by resignation"]

1. e4 e6 2. d4 d5 3. Nd2 Nc6 4.
Ngf3 Nf6 5. e5 Nd7 6. c3 f6 7.
Bd3 fxe5 8. Nxe5 Ndxe5 9. dxe5 Nxe5 10. Qh5+ Nf7 11. Bxh7 Qg5 12. Qxg5 Nxg5 13. Bg6+ Ke7 14. O-O Kf6 15. Bd3 Bd6 16. f4 Nf7 17. Nf3 Bd7 18. Be3 c5 19. Ne5 Be8 20. b4 Rc8 21. Ng6 Rh6 22. f5 Bxh2+ 23. Kh1 Bf4+ 0-1

[Event "*** SCC Grand Prix: Titled Tuesday Blitz"]
[Site "Chess.com"]
[Date "2020.07.07"]
[Round "9"]
[White "volcanoexplorer"]
[Black "Bodnar_Mykola"]
[Result "1-0"]
[WhiteElo "2590"]
[BlackElo "2448"]
[TimeControl "180+1"]
[EndTime "11:43:25 PDT"]
[Termination "volcanoexplorer won by resignation"]

1. e4 e5 2. Nf3 Nc6 3. Bc4 Bc5 4.
O-O Nf6 5. d3 d6 6. c3 O-O 7.
Re1 a5 8. a4 h6 9. Nbd2 Be6 10.
Bb5 Qb8 11. Nf1 Qa7 12. Be3 Rad8 13. d4 exd4 14. cxd4 Bb4 15. d5 Qb8 16. Bd2 Bxd5 17. exd5 Nxd5 18. Bxb4 Ncxb4 19. Ng3 c6 20. Bd3 Nf4 21.
Bb1 d5 22. Nd4 Qd6 23. Ra3 Ne6 24. Ngf5 Qf4 25. Rf3 Qg4 26. Nxe6 fxe6 27. Ne7+ Kh8 28. Rxf8+ 1-0

[Event "*** SCC Grand Prix: Titled Tuesday Blitz"]
[Site "Chess.com"]
[Date "2020.07.07"]
[Round "9"]
[White "Dyadya81"]
[Black "vinniethepooh"]
[Result "1-0"]
[WhiteElo "2737"]
[BlackElo "2551"]
[TimeControl "180+1"]
[EndTime "11:43:26 PDT"]
[Termination "Dyadya81 won by resignation"]

1. e4 c5 2. Nf3 d6 3. d4 cxd4 4. Nxd4 Nf6 5. Nc3 a6 6. Bg5 e6 7. Bc4 Nbd7 8. Qe2 Nc5 9. O-O-O Be7 10. e5 dxe5 11. Nxe6 Bxe6 12. Rxd8+ Rxd8 13. Bxe6 Nxe6 14. Bxf6 Bxf6 15. Qe4 Rd7 16. Nd5 O-O 17. Nxf6+ gxf6 18. Qg4+ Kh8 19. Qf5 Kg7 20. Rd1 Rxd1+ 21. Kxd1 Rd8+ 22. Ke1 Rd4 23. c3 Rd6 24. Qg4+ Kh8 25. Qf3 Nc5 26. Ke2 Kg7 27. h4 Kf8 28. Qf5 Kg7 29. Qg4+ Kf8 30. Qc8+ 1-0

[Event "*** SCC Grand Prix: Titled Tuesday Blitz"]
[Site "Chess.com"]
[Date "2020.07.07"]
[Round "9"]
[White "MF1966Idrisov"]
[Black "vanImpe"]
[Result "0-1"]
[WhiteElo "2330"]
[BlackElo "2454"]
[TimeControl "180+1"]
[EndTime "11:43:34 PDT"]
[Termination "vanImpe won by resignation"]

1. d4 g6 2. Nf3 Bg7 3. b3 c5 4. Bb2 Nc6 5. e3 Nf6 6. dxc5 Qa5+ 7. Nbd2 O-O 8. Be2 Ne4 9. Bxg7 Kxg7 10. O-O Nc3 11.
Qe1 Qxc5 12. Nc4 Nxe2+ 13. Qxe2 b5 14. Nb2 d6 15. c4 bxc4 16. Nxc4 Ba6 17. Qb2+ Kg8 18.
Rfc1 Qh5 19. Nd4 Nxd4 20. Qxd4 Rfc8 21. Na5 Qxa5 22. Qe4 Qd8 23. h4 h5 24. g4 hxg4 25. Qxg4 Rxc1+ 26. Rxc1 Rc8 27. Rd1 Rc5 28. Qd4 Qc7 29. Kg2 Bb7+ 30. Kg3 Qc6 31. e4 Qxe4 0-1

[Event "*** SCC Grand Prix: Titled Tuesday Blitz"]
[Site "Chess.com"]
[Date "2020.07.07"]
[Round "9"]
[White "Mbneu"]
[Black "Gandrade2"]
[Result "0-1"]
[WhiteElo "2220"]
[BlackElo "2126"]
[TimeControl "180+1"]
[EndTime "11:43:34 PDT"]
[Termination "Gandrade2 won by resignation"]

1. d4 Nf6 2. c4 g6 3. Nc3 Bg7 4. e4 d6 5. f4 c5 6. d5 O-O 7. Nf3 e6 8. Be2 exd5 9. cxd5 Nbd7 10. O-O Re8 11. Nd2 a6 12. a4 Qc7 13. Kh1 Rb8 14.
Nc4 Nxe4 15. Nxe4 Rxe4 16. Bd3 Re8 17. f5 Ne5 18. fxg6 hxg6 19. Bg5 Nxd3 20. Qd2 0-1

[Event "*** SCC Grand Prix: Titled Tuesday Blitz"]
[Site "Chess.com"]
[Date "2020.07.07"]
[Round "9"]
[White "binbin239"]
[Black "superchess02"]
[Result "0-1"]
[WhiteElo "2525"]
[BlackElo "2667"]
[TimeControl "180+1"]
[EndTime "11:43:43 PDT"]
[Termination "superchess02 won by resignation"]

1. d4 Nf6 2. c4 e6 3. Nf3 b6 4.
g3 Bb7 5. Bg2 Bb4+ 6. Bd2 Be7 7.
O-O O-O 8. Nc3 a5 9. Qc2 Na6 10.
a3 d5 11. cxd5 exd5 12. Rac1 c5 13. Rfd1 Rc8 14. Qf5 g6 15. Qb1 Re8 16. dxc5 Nxc5 17. b4 axb4 18. axb4 Nce4 19. Nxe4 Nxe4 20. Rxc8 Qxc8 21.
Rc1 Qd7 22. Bf4 Qb5 23. Nd4 Qxb4 24. Qa1 Ra8 25. Qb1 Qxd4 26. Be3 Qf6 0-1

[Event "*** SCC Grand Prix: Titled Tuesday Blitz"]
[Site "Chess.com"]
[Date "2020.07.07"]
[Round "9"]
[White "Susal_De_Silva"]
[Black "poppy73"]
[Result "0-1"]
[WhiteElo "2338"]
[BlackElo "2227"]
[TimeControl "180+1"]
[EndTime "11:43:48 PDT"]
[Termination "poppy73 won by resignation"]

1. e4 c5 2. Nf3 d6 3. Bb5+ Nd7 4. O-O a6 5. Bd3 Ngf6 6. Re1 g6 7. a4 Bh6 8. c3 Ne5 9. Nxe5 dxe5 10. Bc2 O-O 11. Na3 Be6 12. d3 Bxc1 13. Qxc1 Rc8 14. h3 Qc7 15. Qh6 Rfd8 16. Re3 Kh8 17. Rg3 Ng8 18. Qe3 Kg7 19. h4 Nf6 20. Bd1 h5 21. Qg5 Bg4 22. f3 Rxd3 23. Nc4 Nxe4 24. fxe4 Rxg3 25. Kh2 f6 26. Qd2 Rd8 27. Qf2 Rgd3 28. Bxg4 hxg4 29. Rf1 g3+ 0-1

[Event "*** SCC Grand Prix: Titled Tuesday Blitz"]
[Site "Chess.com"]
[Date "2020.07.07"]
[Round "9"]
[White "IwkooO"]
[Black "Ave_Mariia"]
[Result "0-1"]
[WhiteElo "2575"]
[BlackElo "2387"]
[TimeControl "180+1"]
[EndTime "11:43:49 PDT"]
[Termination "Ave_Mariia won by resignation"]

1. e4 c5 2. Nf3 d6 3. d4 cxd4 4. Nxd4 Nf6 5. Nc3 g6 6. Be3 Bg7 7. Bc4 Nc6 8. f3 O-O 9. Bb3 Bd7 10. Qd2 Rc8 11. O-O-O Nxd4 12. Bxd4 b5 13. g4 a5 14. a3 b4 15. axb4 axb4 16. Nb1 Qa5 17. h4 Ba4 18. Qd3 Nxg4 19. Bxa4 Qxa4 20. b3 Qa2 21. Bxg7 Nf2 22. Qd2 Nxd1 23. Rxd1 Kxg7 24. h5 Rc5 25. Rh1 Rfc8 26. Rh2 Rxc2+ 27. Qxc2 Rxc2+ 28. Rxc2 Qxb3 0-1

[Event "*** SCC Grand Prix: Titled Tuesday Blitz"]
[Site "Chess.com"]
[Date "2020.07.07"]
[Round "9"]
[White "angryhorse9"]
[Black "JoliyRoger"]
[Result "1-0"]
[WhiteElo "2393"]
[BlackElo "2251"]
[TimeControl "180+1"]
[EndTime "11:43:51 PDT"]
[Termination "angryhorse9 won by resignation"]

1. e4 c6 2. Nf3 d5 3. Nc3 Nf6 4. Qe2 d4 5. e5 dxc3 6. exf6 cxd2+ 7. Bxd2 gxf6 8. O-O-O Qb6 9. Bc3 Be6 10. Nd4 Bd7 11. Qh5 c5 12. Bc4 cxd4 13. Bxf7+ Kd8 14. Ba5 Nc6 15. Bxb6+ axb6 16. Bd5 e5 17. c3 Ra5 18. Bxc6 bxc6 19. cxd4 exd4 20. Qf7 Bh6+ 21. Kb1 Rf8 22. Qb3 c5 23. Qxb6+ 1-0

[Event "*** SCC Grand Prix: Titled Tuesday Blitz"]
[Site "Chess.com"]
[Date "2020.07.07"]
[Round "9"]
[White "StephenDedalus83"]
[Black "fmshawnrl123"]
[Result "1-0"]
[WhiteElo "2814"]
[BlackElo "2653"]
[TimeControl "180+1"]
[EndTime "11:43:54 PDT"]
[Termination "StephenDedalus83 won by resignation"]

1. e4 c6 2. d4 d5 3. e5 Bf5 4. c3 e6 5. Be3 Ne7 6. Nd2 Bg6 7. f4 Nf5 8. Bf2 h5 9. Ngf3 a6 10. Be2 Nd7 11. O-O c5 12. g3 Be7 13.
h3 Rc8 14. Kg2 cxd4 15. cxd4 Rc2 16. g4 hxg4 17. hxg4 Nh4+ 18. Bxh4 Bxh4 19. f5 exf5 20. Qxc2 fxg4 21. Bd3 gxf3+ 22. Nxf3 Rh6 23. Rh1 Bxd3 24. Qxd3 Rg6+ 25. Kf1 Be7 26. Rh8+ Bf8 27. Rc1 Rg3 28. Kf2 Rg4 29. Qb3 Nb6 30. Qb4 Nd7 31. Qxb7 Qa5 32. Rc8+ Ke7 33. Rhxf8 1-0

[Event "*** SCC Grand Prix: Titled Tuesday Blitz"]
[Site "Chess.com"]
[Date "2020.07.07"]
[Round "9"]
[White "PotapovaM"]
[Black "Caterpiller35"]
[Result "0-1"]
[WhiteElo "2483"]
[BlackElo "2390"]
[TimeControl "180+1"]
[EndTime "11:44:07 PDT"]
[Termination "Caterpiller35 won by resignation"]

1. d4 Nf6 2. c4 e6 3. Nf3 Bb4+ 4.
Nbd2 O-O 5. a3 Be7 6. e4 d5 7. e5 Nfd7 8. Bd3 c5 9. h4 g6 10.
h5 Nc6 11. cxd5 exd5 12. Qe2 cxd4 13. Nb3 Qb6 14. hxg6 fxg6 15. Rxh7 Qxb3 16. Qd2 Ndxe5 17. Qh6 Nxd3+ 18. Kf1 Qd1+ 0-1

[Event "*** SCC Grand Prix: Titled Tuesday Blitz"]
[Site "Chess.com"]
[Date "2020.07.07"]
[Round "9"]
[White "ErikRonka"]
[Black "S-Fazulyanov"]
[Result "0-1"]
[WhiteElo "2389"]
[BlackElo "2536"]
[TimeControl "180+1"]
[EndTime "11:44:10 PDT"]
[Termination "S-Fazulyanov won by resignation"]

1. d4 d5 2. c4 e6 3. Nc3 Nf6 4.
Nf3 Nbd7 5. Bg5 Be7 6. e3 O-O 7. Bd3 Re8 8. O-O Nf8 9. Bxf6 Bxf6 10. b4 c6 11. a4 Bd7 12. e4 dxe4 13. Nxe4 Be7 14. Qb3 Qc7 15. Rfe1 Rad8 16. Rad1 Ng6 17. g3 Bc8 18. Bb1 Qb6 19. h4 Qxb4 20. Qxb4 Bxb4 21.
Re3 e5 22. d5 cxd5 23. cxd5 Bg4 24. Rdd3 Rd7 25. Rb3 a5 26. Nfd2 Rxd5 27. Nc4 Be6 28. Rb2 Rd1+ 0-1

[Event "*** SCC Grand Prix: Titled Tuesday Blitz"]
[Site "Chess.com"]
[Date "2020.07.07"]
[Round "9"]
[White "dpopadic"]
[Black "TioCridineno"]
[Result "0-1"]
[WhiteElo "2378"]
[BlackElo "2146"]
[TimeControl "180+1"]
[EndTime "11:44:13 PDT"]
[Termination "TioCridineno won by checkmate"]

1. e4 c5 2. Nc3 a6 3. g4 b5 4. Bg2 Bb7 5. d3 e6 6. Nh3 d5 7. O-O d4 8. Ne2 Nc6 9. f4 h5 10. g5 g6 11. c3 Bg7 12. cxd4 Nxd4 13. Be3 Ne7 14. Rc1 Rc8 15. Kh1 O-O 16. Ng3 Qb6 17.
Nf2 Rfd8 18. Nxh5 gxh5 19. Qxh5 c4 20. dxc4 Rxc4 21. Ng4 Rxc1 22. Rxc1 Rc8 23. Rd1 Nef5 24. Nf6+ Bxf6 25. gxf6 Nxe3 26. Rg1 Ne2 27. Qh6 Nf5 28.
exf5 Qxg1# 0-1

[Event "*** SCC Grand Prix: Titled Tuesday Blitz"]
[Site "Chess.com"]
[Date "2020.07.07"]
[Round "9"]
[White "UCantHandleDenker"]
[Black "Unknown_IM"]
[Result "1-0"]
[WhiteElo "2543"]
[BlackElo "2370"]
[TimeControl "180+1"]
[EndTime "11:44:16 PDT"]
[Termination "UCantHandleDenker won by resignation"]

1. Nf3 d5 2. g3 Nf6 3. Bg2 Bf5 4. O-O c6 5. d3 Nbd7 6. Nbd2 e5 7. e4 Bg6 8. exd5 cxd5 9. Re1 Bd6 10. Nxe5 Nxe5 11. Nf3 O-O 12. Nxe5 Bh5 13. Bf3 Bxf3 14. Nxf3 h6 15.
Bd2 Rc8 16. Bc3 Ng4 17. h3 Nf6 18. Kg2 b5 19. a3 Nd7 20. Nd4 Qg5 21. Nxb5 Bb8 22.
Qg4 Qxg4 23. hxg4 Rfe8 24. Rxe8+ Rxe8 25. Re1 Rxe1 26. Bxe1 Nb6 27. b3 a6 28. Nd4 Bd6 29.
a4 Nd7 30. Nc6 Kf8 31. Bb4 Bxb4 32. Nxb4 Nc5 33. Nxd5 1-0